Map: Lost and Found LE

Players

OmbreNoir - Winner!

  • Race: Zerg Zerg
  • League: Diamond
  • Spawn Location: 7:00

Woogie

  • Race: Zerg Zerg
  • League: Diamond
  • Spawn Location: 1:00

VOD

Have the link to the VOD?

Description

How do I recognize that opponent is all in and what do I do to counter this amount of lings? Spread out banes?

Time

  • Played on: Sept. 20, 2018, 9:52 p.m.
  • Length: 8:02
Show
View Real Time Build Order
Export as new Build Order

OmbreNoir Zerg - Winner!

Build Orders: Hatch First 

Get SALT Encoding   

  12  0:01  Drone  
  13  0:12  Overlord  
  13  0:20  Drone  
  14  0:31  Drone x2  
  14  0:34  Drone  
  17  0:53  Hatchery  
  17  0:55  Drone  
  17  0:58  Drone  
  18  1:07  Drone  
  19  1:16  Spawning Pool  
  18  1:18  Extractor  
  18  1:20  Drone  
  18  1:30  Drone  
  19  1:54  Hatchery  
  18  2:06  Zergling x8  
  22  2:14  Queen  
  24  2:18  Queen  
  24  2:21  Zergling x2  
  27  2:30  Metabolic Boost  
  27  2:36  Zergling x2  
  28  2:38  Overlord  
  28  2:55  Drone, Evolution Chamber  
  28  2:57  Drone x2  
  28  2:58  Drone  
  31  3:01  Drone  
  31  3:05  Drone  
  33  3:13  Drone x2  
  33  3:18  Drone x2  
  36  3:21  Drone  
  36  3:24  Drone  
  35  3:31  Zergling x4  
  36  3:37  Zerg Ground Armor Level 1  
  36  3:44  Queen  
  38  3:49  Zergling x6  
  38  3:51  Drone  
  42  4:01  Overlord x2  
  42  4:12  Lair  
  42  4:20  Zergling x2  
  42  4:21  Zergling x14  
  50  4:28  Spine Crawler  
  50  4:30  Zergling x6  
  52  4:32  Zergling x2  
  53  4:41  Zergling x10  
  58  4:58  Overlord, Evolution Chamber  
  58  4:59  Evolution Chamber  
  56  5:01  Spine Crawler  
  55  5:10  Overlord x2  
  50  5:21  Drone x4  
  53  5:31  Drone x4, Zerg Melee Weapons Level 1  
  53  5:32  Spine Crawler  
  53  5:34  Drone  
  57  5:43  Drone x2  
  57  5:44  Zergling x2  
  57  5:45  Evolution Chamber  
  57  5:46  Zergling x2  
  60  5:57  Spine Crawler  
  60  5:59  Zergling x6  
  60  6:00  Zergling x4  
  64  6:09  Zergling x2  
  64  6:10  Zergling x8  
  64  6:11  Zergling x2  
  70  6:12  Zergling x2  
  70  6:17  Spine Crawler  
  70  6:21  Spine Crawler  
  69  6:40  Spine Crawler  
  69  6:41  Spine Crawler, Zergling x10  
  69  6:42  Spine Crawler  
  71  6:54  Spine Crawler  
  58  7:35  Zergling x14  
  58  7:36  Zergling x18  
Show
View Real Time Build Order
Export as new Build Order

Woogie Zerg 

Build Orders: Hatch First 

Get SALT Encoding   

  12  0:01  Drone  
  13  0:13  Overlord  
  13  0:17  Drone  
  14  0:31  Drone x2  
  14  0:35  Drone  
  17  0:51  Hatchery  
  17  0:54  Drone  
  17  1:08  Spawning Pool  
  17  1:10  Extractor  
  15  1:12  Drone  
  15  1:16  Drone  
  17  1:19  Drone  
  18  1:28  Drone  
  19  1:42  Overlord  
  19  1:54  Zergling x2  
  19  1:55  Queen  
  19  2:00  Drone  
  23  2:03  Drone  
  23  2:04  Queen  
  26  2:12  Metabolic Boost  
  26  2:17  Drone  
  26  2:18  Drone  
  26  2:22  Drone  
  29  2:27  Drone  
  30  2:37  Queen  
  30  2:44  Overlord  
  32  2:45  Drone  
  32  2:46  Drone  
  34  2:52  Hatchery  
  33  2:59  Baneling Nest  
  33  3:00  Zergling x2  
  33  3:01  Zergling x2  
  33  3:04  Zergling x2  
  35  3:10  Queen  
  37  3:14  Zergling x2  
  37  3:25  Zergling x4  
  37  3:26  Zergling x6  
  38  3:53  Overlord x2  
  38  3:54  Zergling x2  
  38  3:55  Zergling x10  
  44  3:57  Baneling x3  
  44  3:58  Baneling  
  44  4:11  Queen x2  
  44  4:14  Drone  
  49  4:31  Drone x6  
  53  4:33  Drone  
  56  4:55  Overlord x2  
  56  4:56  Drone x3  
  56  4:57  Drone x2  
  56  4:58  Lair  
  61  5:07  Evolution Chamber  
  61  5:10  Evolution Chamber  
  57  5:23  Drone x6  
  57  5:24  Drone, Zergling x2  
  57  5:25  Zergling x8  
  69  5:40  Baneling x2  
  69  5:41  Baneling x2  
  69  5:46  Roach Warren  
  69  5:48  Drone x5  
  73  5:50  Extractor  
  73  5:51  Extractor  
  70  5:59  Baneling x3  
  70  6:00  Baneling  
  70  6:01  Drone x5  
  70  6:02  Drone x4  
  79  6:31  Overlord x2  
  79  6:32  Overlord x4  
  79  6:34  Drone x2  
  79  6:35  Drone x2, Extractor x2  
  79  6:37  Glial Reconstitution  
  81  6:52  Drone x3  
  81  6:53  Extractor  
  79  7:04  Zergling x14  
  79  7:05  Zergling x6  
  36  7:23  Zergling x2  
  36  7:24  Zergling x6  
  27  7:34  Baneling x4  
  27  7:35  Zergling x2  
  27  7:36  Zergling x8  
Tags
 
Add a new tag
Caveats
  • Supply blocks, unpowered buildings, or Contaminate may cause inaccurate times.
  • Supply counts are checked every 10 seconds.